 Dungeon Crawl Stone Soup version 0.18-a0-1774-gce1f7b6 (webtiles) character file.

602 JohnFord the Changer (level 7, -2/57 HPs)
             Began as a Naga Transmuter on Apr 15, 2016.
             Slain by Duvessa
             ... wielding a +6 short sword of freezing
              (5 damage)
             ... on level 5 of the Dungeon.
             The game lasted 00:07:12 (4675 turns).

JohnFord the Changer (Naga Transmuter)              Turns: 4675, Time: 00:07:13

Health: -2/57      AC:  2    Str: 12    XL:     7   Next: 41%
Magic:  7/10       EV: 19    Int: 16    God:
Gold:   294        SH:  0    Dex: 16    Spells: 3 memorised, 4 levels left

rFire  . . .     SeeInvis +       - Unarmed
rCold  . . .     Gourm    .     (armour currently unavailable)
rNeg   . . .     Faith    .     (shield currently unavailable)
rPois  x         Spirit   .     (helmet currently unavailable)
rElec  .         Dismiss  .     (cloak currently unavailable)
rCorr  .         Reflect  .     (gloves currently unavailable)
SustAt .         Harm     .     (no barding)
MR     .....                    (no amulet)
Stlth  +.........               (no ring)
                                (no ring)

@: spider-form, not resistant to hostile enchantments, very unstealthy
A: see invisible, (deformed body), (poison resistance), (slowness 0), slow
metabolism 1, spit poison 2, AC +2
a: Spit Poison, End Transformation


You were on level 5 of the Dungeon.
You were hungry.
You were a venomous arachnid creature.
You visited 1 branch of the dungeon, and saw 5 of its levels.

You collected 294 gold pieces.

Inventory:

Missiles
 a - 40 arrows
Armour
 b - a +0 robe (melded)
 p - a +1 pair of gloves (melded)
Jewellery
 m - an uncursed ring of fire
Scrolls
 e - 3 scrolls of teleportation
 l - a scroll of remove curse
 t - a scroll of amnesia
Potions
 f - a potion of heal wounds
 g - a potion of haste {unknown}
 i - a potion of agility {unknown}
 n - 4 potions of degeneration {unknown}
 o - a potion of curing
 q - a potion of lignification
 s - a potion of berserk rage {unknown}
Books
 c - a book of Changes

   Spells                             Type                      Level
   a - Beastly Appendage              Transmutation                1
   b - Sticks to Snakes               Transmutation                2
   c - Spider Form                    Transmutation/Poison         3
   d - Ice Form                       Ice/Transmutation            4
   e - Blade Hands                    Transmutation                5
Comestibles
 d - 2 bread rations
 h - a royal jelly
 k - 5 meat rations
 r - a chunk of flesh
 u - a beef jerky


   Skills:
 + Level 1.3 Fighting
 + Level 1.7 Dodging
 * Level 5.3 Unarmed Combat
 - Level 2.0 Spellcasting
 - Level 6.0 Transmutations
 - Level 3.0 Poison Magic


You had 4 spell levels left.
You knew the following spells:

 Your Spells              Type           Power        Failure   Level  Hunger
a - Beastly Appendage     Trmt           ###...       6%          1    #......
b - Sticks to Snakes      Trmt           ###.....     10%         2    ###....
c - Spider Form           Trmt/Pois      ###.......   28%         3    ###....


Dungeon Overview and Level Annotations

Branches:
Dungeon (5/15)             Temple (0/1) D:4

Altars:
Elyvilon
Trog

Annotations:
D:5 Dowan, Duvessa


Innate Abilities, Weirdness & Mutations

You cannot wear boots.
((Your serpentine skin is tough (AC +2).))
You have supernaturally acute eyesight.
((Armour fits poorly on your strangely shaped body.))
((Your system is resistant to poisons.))
((You cover ground very slowly.))
You have a slow metabolism.
You can spit poison.


Message History

Duvessa freezes you.
* * * LOW HITPOINT WARNING * * *
Dowan hits you with a dagger.
* * * LOW HITPOINT WARNING * * *
Dowan generates a fountain of clear water, and laughs cruelly.
Duvessa looks more healthy.
Dowan casts a spell at Duvessa.
Duvessa seems to speed up.
You hit Duvessa.
Duvessa is poisoned.
Duvessa is heavily wounded.
Duvessa hits you with a short sword of freezing!
* * * LOW HITPOINT WARNING * * *
Duvessa freezes you.
* * * LOW HITPOINT WARNING * * *
Duvessa barely misses you.
Read which item? (? for menu, Esc to quit)
As you read the scroll labeled BIREOD AZAIGU, it crumbles to dust.
The dust glows shimmering ochre!
It was a scroll of random uselessness.
Duvessa hits you with a short sword of freezing.
You die...

#.##......## #.. ...##.###
#........#####.###.......#
#.##...###......#)).......
#.#...............#.#.##.#
#.#...............#.#
#.#.............#.#.#
#.................#..
###....†....ee..#####
#.........s.>.##
#..............#
#.##.##..#####(######.#
#.##.##.÷#####........#
#.##...)....##.#######.
#.#####........#
#.#####..##.##.#
#..............#
########.##....#


You could see Duvessa and Dowan.

Vanquished Creatures
  Sigmund (D:2)
  2 ogres (D:4)
  A scorpion (D:4)
  A hound (D:4)
  Natasha (D:2)
  A worker ant (D:4)
  An iguana (D:4)
  6 adders
  A shadow imp (D:5)
  An adder zombie (D:5)
  6 worms
  4 giant geckos
  6 orcs
  2 ball pythons (D:1)
  3 bats
  5 giant cockroaches
  6 goblins
  7 hobgoblins
  12 jackals
  8 kobolds
  A giant newt (D:4)
  A jackal skeleton (D:4)
  7 rats
84 creatures vanquished.

Vanquished Creatures (collateral kills)
  A kobold (D:2)
1 creature vanquished.

Vanquished Creatures (others)
  A goblin (D:1)
1 creature vanquished.

Grand Total: 86 creatures vanquished

Notes
Turn   | Place    | Note
--------------------------------------------------------------
     0 | D:1      | JohnFord the Naga Transmuter began the quest for the Orb.
     0 | D:1      | Reached XP level 1. HP: 18/18 MP: 3/3
    83 | D:1      | Reached XP level 2. HP: 20/25 MP: 5/5
   632 | D:1      | Reached skill level 3 in Transmutations
   695 | D:1      | Learned a level 2 spell: Sticks to Snakes
   912 | D:2      | Found a bloodstained altar of Trog.
  1081 | D:2      | Reached XP level 3. HP: 16/31 MP: 6/6
  1276 | D:2      | Noticed Sigmund
  1296 | D:2      | Killed Sigmund
  1296 | D:2      | Reached skill level 5 in Transmutations
  1296 | D:2      | Reached XP level 4. HP: 10/38 MP: 1/7
  1296 | D:2      | Reached XP level 5. HP: 11/44 MP: 1/8
  1365 | D:2      | Learned a level 3 spell: Spider Form
  1992 | D:2      | Noticed Natasha
  2008 | D:2      | Killed Natasha
  2752 | D:3      | Reached skill level 6 in Transmutations
  2786 | D:3      | Reached XP level 6. HP: 37/51 MP: 3/9
  2865 | D:3      | Reached skill level 1 in Poison Magic
  3158 | D:4      | Found a staircase to the Ecumenical Temple.
  4000 | D:4      | Reached XP level 7. HP: 33/57 MP: 6/10
  4038 | D:4      | Found a white marble altar of Elyvilon.
  4139 | D:4      | Reached skill level 5 in Unarmed Combat
  4561 | D:5      | Entered Level 5 of the Dungeon
  4656 | D:5      | Noticed Duvessa
  4657 | D:5      | Noticed Dowan
  4675 | D:5      | Slain by Duvessa

Vault maps used:
D:1:      roderic_octagonal_star, lemuel_flame_loot_1
D:2:      overflow_temple_1_default, first_bread, uniq_sigmund, uniq_natasha
D:4:      lemuel_round_altar, temple_statues
D:5:      tso_oasis_becter, minmay_ogre_servants, uniq_duvessa

Skill      XL: |  1  2  3  4  5  6  7 |
---------------+----------------------+-----
Transmutations | 3 5 6 |  6.0
Poison Magic   | 3 |  3.0
Unarmed Combat | 4 5 |  5.3
Fighting       | |  1.3
Dodging        | |  1.7
Spellcasting   | |  2.0

Action                   |  1- 3 |  4- 6 |  7- 9 || total
-------------------------+-------+-------+-------++-------
Melee: Unarmed           |    55 |   222 |    62 ||   339
       Punch             |       |     2 |       ||     2
 Cast: Sticks to Snakes  |     3 |       |     1 ||     4
       Spider Form       |       |     8 |     4 ||    12
 Abil: Spit Poison       |    14 |    17 |       ||    31
  Use: Scroll            |       |    11 |     1 ||    12
 Stab: Sleeping          |     1 |     3 |       ||     4
  Eat: Chunk             |       |    11 |     2 ||    13
Armor: Robe              |     4 |    65 |    15 ||    84
       Skin              |       |     1 |     1 ||     2
Dodge: Dodged            |    25 |   125 |    41 ||   191
